 Dungeon Crawl Stone Soup version 0.27.1-34-g3ba077fa99 (webtiles) character file.

Game seed: 7197294215474918909

15668 pkoi the Destroyer (level 12, -13/94 HPs)
             Began as a Black Draconian Conjurer on Jan 26, 2022.
             Was a Priest of Vehumet.
             Mangled by an Executioner (23 damage)
             ... on level 1 of the Abyss.
             The game lasted 00:20:39 (16215 turns).

pkoi the Destroyer (Black Draconian Conjurer)      Turns: 16215, Time: 00:20:40

Health: -13/94     AC: 14    Str: 14    XL:     12   Next: 3%
Magic:  19/25      EV: 17    Int: 22    God:    Vehumet [***...]
Gold:   681        SH:  0    Dex: 10    Spells: 19/29 levels left

rFire    . . .     SeeInvis .   q - +3 trident (vorpal)
rCold    . . .     Faith    .   (no shield)
rNeg     . . .     Spirit   .   (armour unavailable)
rPois    +         Reflect  .   J - +2 hat {Stlth+}
rElec    +         Harm     .   v - +0 cloak
rCorr    .         Rampage  .   G - +2 pair of gloves {Str+3}
Will     .....                  (no boots)
Stlth    +++.......             j - amulet of magic regeneration
HPRegen  0.25/turn              i - +4 ring of evasion
MPRegen  0.44/turn              F - ring of poison resistance

@: no status effects
A: breathe lightning, AC +8, unfitting armour, electricity resistance,
cold-blooded
a: Breathe Lightning, Renounce Religion


You were on level 1 of the Abyss.
You worshipped Vehumet.
Vehumet was most pleased with you.
You visited 3 branches of the dungeon, and saw 12 of its levels.
You visited the Abyss 1 time.

You collected 901 gold pieces.
You spent 220 gold pieces at shops.

Inventory:

Hand Weapons
 a - a +0 club
 c - a +0 dagger
 q - a +3 vorpal trident (weapon)
 B - a +1 short sword of venom
Missiles
 g - 22 poisoned darts
 z - 4 throwing nets
 D - 5 curare-tipped darts
Armour
 v - a +0 cloak (worn)
 G - a +2 pair of gloves of strength (worn)
 J - a +2 hat of stealth (worn)
Jewellery
 e - a ring of fire
 h - an amulet of the acrobat
 i - a +4 ring of evasion (left hand)
 j - an amulet of magic regeneration (around neck)
 x - a ring of protection from cold
 F - a ring of poison resistance (right hand)
Wands
 b - a wand of mindburst (30)
 l - a wand of flame (70)
 s - a wand of iceblast (27)
 y - a wand of digging (10)
 K - a wand of paralysis (12)
Scrolls
 d - 7 scrolls of teleportation
 C - a scroll of amnesia {unknown}
 I - a scroll of fear
 L - a scroll of blinking
Potions
 f - a potion of invisibility
 k - 5 potions of curing
 m - 3 potions of haste
 n - 2 potions of berserk rage
 o - 3 potions of lignification
 p - 3 potions of mutation {unknown}
 r - 2 potions of heal wounds
 t - 2 potions of flight {unknown}
 u - a potion of cancellation
 w - 2 potions of brilliance
 A - 3 potions of attraction {unknown}
 E - a potion of ambrosia {unknown}
 H - a potion of might


   Skills:
 + Level 5.6 Fighting
 + Level 5.1 Dodging
 - Level 1.7 Stealth
 - Level 9.0 Spellcasting
 - Level 14.1 Conjurations
 - Level 6.0 Translocations
 + Level 7.1 Air Magic


You had 19 spell levels left.
You knew the following spells:

 Your Spells              Type           Power      Damage    Failure   Level
a - Magic Dart            Conj           100%       1d8       0%          1
b - Searing Ray           Conj           100%       3d7       1%          2
c - Apportation           Tloc           72%        N/A       1%          1
d - Shock                 Conj/Air       100%       1d9       1%          1
e - Static Discharge      Conj/Air       54%        N/A       1%          2
f - Mephitic Cloud        Conj/Pois/Air  41%        N/A       1%          3

Your spell library contained the following spells:

 Spells                   Type           Power      Damage    Failure   Level
 Ignite Poison            Fire/Tmut/Pois 9%         N/A       5%          3
 Foxfire                  Conj/Fire      100%       2x1d9     1%          1
 Conjure Flame            Conj/Fire      40%        6-21      1%          3
 Dazzling Flash           Conj/Hex       80%        N/A       1%          3
 Stone Arrow              Conj/Erth      80%        3d12      1%          3
 Fulminant Prism          Conj/Hex       20%        3d13      1%          4
 Iskenderun's Mystic Bla  Conj/Tloc      52%        2d11      1%          4
 Irradiate                Conj/Tmut      20%        3d20      3%          5
 Inner Flame              Hex/Fire       9%         N/A       5%          3
 Animate Skeleton         Necr           18%        N/A       7%          1
 Corona                   Hex            10%        N/A       7%          1
 Pain                     Necr           36%        1d5       7%          1
 Summon Small Mammal      Summ           36%        N/A       7%          1
 Sublimation of Blood     Necr           4%         N/A       10%         2
 Summon Forest            Summ/Tloc      11%        N/A       47%         5
 Petrify                  Tmut/Erth      9%         N/A       54%         4
 Summon Ice Beast         Ice/Summ       9%         N/A       54%         4
 Agony                    Necr           9%         N/A       88%         5
 Alistair's Intoxication  Tmut/Pois      6%         N/A       88%         5
 Excruciating Wounds      Necr           4%         N/A       88%         5
 Metabolic Englaciation   Hex/Ice        4%         N/A       88%         5
 Summon Mana Viper        Hex/Summ       9%         N/A       88%         5
 Lehudib's Crystal Spear  Conj/Erth      20%        10d6      99%         8
 Invisibility             Hex            4%         N/A       100%        6
 Shadow Creatures         Summ           N/A        N/A       100%        6
 Statue Form              Tmut/Erth      6%         N/A       100%        6
 Monstrous Menagerie      Summ           4%         N/A       100%        7
 Animate Armour           Summ/Erth      Unusable   N/A       N/A         4

Dungeon Overview and Level Annotations

Branches:
Dungeon (10/15)            Temple (1/1) D:5            Lair (1/6) D:8
    Orc: D:9-12

Altars:
Ashenzari
Cheibriados
Dithmenos
Elyvilon
Fedhas
Gozag
Hepliaklqana
Kikubaaqudgha
Makhleb
Nemelex Xobeh
Okawaru
Qazlal
Ru
Sif Muna
Trog
Uskayaw
Vehumet
Wu Jian
Xom
Yredelemnul
Zin
The Shining One

Shops:
D:4 *   D:10 *

Annotations:
D:9 2 runed translucent doors
Lair:1 Maggie


Innate Abilities, Weirdness & Mutations

You can breathe wild blasts of lightning.
Your glossy black scales are hard. (AC +8)
You cannot fit into any form of body armour.
You are resistant to electric shocks. (rElec)
You are cold-blooded and may be slowed by cold attacks.


Message History

The Executioner barely misses you. The Executioner hits you.
* * * LOW HITPOINT WARNING * * *
A death drake comes into view.
The Executioner barely misses you.
The Executioner hits you but does no damage.
The Executioner misses you.
The searing ray hits the Executioner!
The Executioner is heavily wounded.
The Executioner barely misses you. The Executioner closely misses you.
The Executioner hits you.
* * * LOW HITPOINT WARNING * * *
The Executioner misses you.
The Executioner hits you but does no damage.
The Executioner completely misses you.
A large abomination comes into view.
The Executioner barely misses you. The Executioner hits you.
* * * LOW HITPOINT WARNING * * *
The Executioner misses you.
Casting: Searing Ray (safe; 1% risk of failure)
Confirm with . or Enter, or press ? or * to list all spells.
A blue arc grounds itself harmlessly.
The Executioner hits you but does no damage. x2
The Executioner hits you.
* * * LOW HITPOINT WARNING * * *
The Executioner hits you.
* * * LOW HITPOINT WARNING * * *
The Executioner barely misses you.
The Executioner hits you but does no damage.
The Executioner hits you!
* * * LOW HITPOINT WARNING * * *
The Executioner hits you but does no damage.
The Executioner hits you.
* * * LOW HITPOINT WARNING * * *
Unknown command.
Casting: Static Discharge (safe; 1% risk of failure)
Confirm with . or Enter, or press ? or * to list all spells.
A blue arc grounds itself harmlessly.
The Executioner hits you but does no damage. x2
The Executioner closely misses you. The Executioner hits you!!
You die...

. #.. .#.#. .
#.......## #
## .
#..........
.. . .
#.......X##.#
. ..
......... .
#......3.# .
#......k.# .
##.#. #1###
.. .. . .
#@..# . .....
##### .## ###
# #


You could see a death drake, an Executioner (fast), a large abomination and a
smoke demon.

Vanquished Creatures
  Gastronok (Lair:1)
  Harold (D:10)
  Sonja (D:10)
  Joseph (D:9)
  An elephant (D:8)
  3 cane toads (Lair:1)
  An unseen horror (D:10)
  Psyche (D:9)
  4 komodo dragons (Lair:1)
  Grinder (D:4)
  3 raiju (Abyss:1)
  Sigmund (D:3)
  2 wyverns
  11 yaks
  A wraith (D:7)
  2 basilisks (Lair:1)
  A steam dragon (D:8)
  Menkaure (D:4)
  3 water moccasins
  A swamp drake (Lair:1)
  3 orc warriors
  Duvessa (D:5)
  4 black bears
  2 sky beasts
  3 ice beasts
  3 ogres
  3 centaurs
  A phantom (Temple)
  3 kobold brigands
  8 bullfrogs
  2 scorpions
  Dowan (D:5)
  A water moccasin zombie (D:5)
  A water moccasin skeleton (D:4)
  An electric eel (D:10)
  4 wights (D:8)
  A lava snake (D:8)
  3 centaur zombies
  3 hounds
  A jelly (D:5)
  Crazy Yiuf (D:2)
  2 bullfrog skeletons (D:6)
  7 orc priests
  2 gnoll shamans
  4 iguanas (Lair:1)
  Terence (D:3)
  4 orc wizards
  Natasha (thrice) (D:3)
  Ijyb (D:3)
  A killer bee zombie (D:8)
  2 howler monkey zombies (D:9)
  6 gnolls
  8 adders
  4 shadow imps
  A white imp (Abyss:1)
  4 worms
  24 orcs
  6 bats
  6 endoplasms
  4 giant cockroaches
  2 goblins (D:1)
  5 hobgoblins
  3 jackals (D:1)
  3 quokkas
  6 ball pythons
  22 frilled lizards
  15 kobolds
  8 rats
  A bush (D:1)
246 creatures vanquished.

Vanquished Creatures (others)
  4 frilled lizards (Lair:1)
  2 fungi
  2 plants (D:1)
8 creatures vanquished.

Grand Total: 254 creatures vanquished

Notes
Turn   | Place    | Note
-------+----------+-------------------------------------------
     0 | D:1      | pkoi the Draconian Conjurer began the quest for the Orb.
     0 | D:1      | Reached XP level 1. HP: 14/14 MP: 3/3
   377 | D:1      | Reached XP level 2. HP: 20/20 MP: 0/5
   679 | D:1      | Learned a level 2 spell: Searing Ray
   963 | D:1      | Found a faded altar of an unknown god.
  1887 | D:2      | Reached skill level 5 in Conjurations
  2070 | D:2      | Reached XP level 3. HP: 25/26 MP: 3/6
  2850 | D:2      | Found a runed translucent door.
  2851 | D:2      | Noticed Crazy Yiuf
  3083 | D:3      | Reached XP level 4. HP: 22/33 MP: 0/7
  3429 | D:3      | Reached skill level 6 in Conjurations
  3809 | D:3      | Noticed Sigmund
  3809 | D:3      | Noticed Natasha
  3840 | D:3      | Killed Natasha
  3841 | D:3      | Reached XP level 5. HP: 14/38 MP: 4/8
  4276 | D:3      | Killed Sigmund
  4277 | D:3      | Reached skill level 7 in Conjurations
  4277 | D:3      | Reached XP level 6. HP: 10/45 MP: 5/9
  4782 | D:3      | You fall into a shaft and drop 3 floors!
  4860 | D:6      | Reached skill level 8 in Conjurations
  4996 | D:6      | Your scales start taking on a glossy black colour.
  4996 | D:6      | Reached XP level 7. HP: 46/50 MP: 0/11
  4996 | D:6      | Gained mutation: You are resistant to electric shocks.
                  | (rElec) [Black Draconian growth]
  5103 | D:5      | Entered Level 5 of the Dungeon
  5152 | D:4      | Found Iptad's Lightly-Used Armoury.
  5430 | D:3      | Noticed Terence
  5436 | D:3      | Killed Terence
  5438 | D:3      | Noticed Natasha
  5446 | D:3      | Killed Natasha
  5460 | D:3      | Noticed Natasha
  5466 | D:3      | Killed Natasha
  5544 | D:3      | Noticed Ijyb
  5549 | D:3      | Killed Ijyb
  5918 | D:4      | Found a broken altar of Ashenzari.
  6182 | D:4      | Noticed Grinder
  6188 | D:4      | Killed Grinder
  6189 | D:4      | Reached skill level 9 in Conjurations
  6254 | D:4      | Found an ancient bone altar of Kikubaaqudgha.
  6475 | D:4      | Noticed Menkaure
  6478 | D:4      | Killed Menkaure
  6479 | D:4      | Reached XP level 8. HP: 57/57 MP: 9/14
  6515 | D:4      | Found an ornate altar of the Wu Jian Council.
  6611 | D:2      | Killed Crazy Yiuf
  6974 | D:5      | Found a staircase to the Ecumenical Temple.
  6988 | Temple   | Entered the Ecumenical Temple
  7141 | Temple   | Became a worshipper of Vehumet
  7163 | Temple   | Reached skill level 10 in Conjurations
  7372 | D:5      | Learned a level 1 spell: Apportation
  7573 | D:5      | Found a shadowy altar of Dithmenos.
  7611 | D:5      | Noticed Duvessa
  7612 | D:5      | Noticed Dowan
  7617 | D:5      | Killed Duvessa
  7618 | D:5      | Reached skill level 1 in Translocations
  7618 | D:5      | Killed Dowan
  7900 | D:5      | Reached skill level 5 in Spellcasting
  8287 | D:6      | Reached skill level 12 in Conjurations
  8287 | D:6      | Reached skill level 5 in Translocations
  8287 | D:6      | Reached XP level 9. HP: 62/62 MP: 15/20
  8870 | D:6      | Reached skill level 13 in Conjurations
  9144 | D:7      | Found an ancient bone altar of Kikubaaqudgha.
  9225 | D:7      | Reached XP level 10. HP: 69/69 MP: 16/21
  9464 | D:7      | Found a sacrificial altar of Ru.
  9705 | D:7      | Found a glowing golden altar of the Shining One.
  9970 | D:8      | Noticed a cyclops
 10455 | D:8      | Found a staircase to the Lair.
 10455 | D:8      | Noticed an elephant
 10476 | D:8      | Killed an elephant
 10742 | D:8      | Reached * piety under Vehumet
 10742 | D:8      | Offered knowledge of Shock by Vehumet.
 10745 | D:8      | Learned a level 1 spell: Shock
 11319 | D:9      | Reached skill level 1 in Air Magic
 11396 | D:9      | Noticed Psyche
 11404 | D:9      | Killed Psyche
 11715 | D:9      | Noticed Joseph
 11747 | D:9      | Reached ** piety under Vehumet
 11840 | D:9      | Found a runed translucent door.
 11842 | D:9      | Found a runed translucent door.
 11896 | D:9      | Killed Joseph
 11896 | D:9      | Offered knowledge of Static Discharge by Vehumet.
 12096 | D:9      | Learned a level 2 spell: Static Discharge
 12181 | D:9      | Found a hazy altar of Hepliaklqana.
 12399 | D:10     | Entered Level 10 of the Dungeon
 12400 | D:10     | Noticed Harold
 12417 | D:10     | Killed Harold
 12418 | D:10     | Reached skill level 14 in Conjurations
 12418 | D:10     | Reached XP level 11. HP: 12/74 MP: 13/23
 13294 | D:10     | Reached skill level 1 in Fighting
 13636 | D:10     | Noticed a two-headed ogre
 13870 | D:10     | Noticed Sonja
 13879 | D:10     | Killed Sonja
 14119 | D:10     | Found Unyffuduoff's Serpentskin Sales.
 14127 | D:10     | Bought a ring of poison resistance for 220 gold pieces
 14665 | Lair:1   | Entered Level 1 of the Lair of Beasts
 14739 | Lair:1   | Noticed Maggie
 14745 | Lair:1   | Offered knowledge of Mephitic Cloud by Vehumet.
 14757 | Lair:1   | Learned a level 3 spell: Mephitic Cloud
 14789 | Lair:1   | Reached skill level 5 in Air Magic
 15053 | Lair:1   | Reached *** piety under Vehumet
 15383 | Lair:1   | Noticed Gastronok
 15402 | Lair:1   | Killed Gastronok
 15834 | Lair:1   | Offered knowledge of Ignite Poison by Vehumet.
 15835 | Lair:1   | Reached skill level 5 in Fighting
 16037 | Lair:1   | Cast into level 1 of the Abyss (Maggie)
 16074 | Abyss:1  | Reached skill level 5 in Dodging
 16075 | Abyss:1  | Reached XP level 12. HP: 62/94 MP: 20/25
 16207 | Abyss:1  | Noticed an Executioner
 16215 | Abyss:1  | Mangled by an Executioner

Illustrated notes

Levels and vault maps discovered:
D:1:      dpeg_arrival_line_fractal, layout_basic, serial_forest,
          infiniplex_forest_end_2, infiniplex_forest_end_1,
          infiniplex_forest_clump_small, infiniplex_forest_clump_double,
          infiniplex_forest_clump_cross, infiniplex_forest_end_1,
          dreamdust_ecumenical_altar_hidden_monk_grotto
D:2:      layout_basic, uniq_crazy_yiuf_cottage
D:3:      layout_loops_ring, uniq_sigmund, uniq_natasha, uniq_ijyb, uniq_terence
D:4:      layout_rooms, kennysheep_little_box, old_standard_altar,
          nicolae_ashenzari_panopticon, minmay_shop_damaged, uniq_menkaure,
          uniq_grinder
D:5:      layout_loops_ring, grunt_dithmenos_shadows,
          minmay_temple_entry_mini_moons, uniq_duvessa
D:6:      layout_basic, bh_walls_and_bars
D:7:      layout_rooms, lemuel_doored_altar, hangedman_feature_mirror
D:8:      layout_loops_ring, david_lair_generic, kennysheep_island_fort
D:9:      lemuel_insect_pit, layout_irregular_city, nzn_hepliaklqana_mist_gate,
          minivault_4, minmay_sticks_and_stones, uniq_psyche
D:10:     argonaut_augean_stables, layout_rooms, chequers_arboretum,
          guppyfry_shop_venom, uniq_harold, uniq_sonja
Temple:   nicolae_temple_elliptical
Lair:1:   lemuel_reptile_caves, layout_cave_pods, grunt_megastairs_1,
          uniq_gastronok, uniq_maggie
Abyss:1:  base:
D:11

Skill      XL: |  1  2  3  4  5  6  7  8  9 10 11 |
---------------+----------------------------------+-----
Conjurations   | 5 6 7 8 9 12 13 14 | 14.1
Spellcasting   | 4 7 8 9 |  9.0
Translocations | 5 6 |  6.0
Air Magic      | 3 7 |  7.1
Dodging        | 5 |  5.1
Fighting       | 5 |  5.6
Stealth        | |  1.7

Action                   |  1- 3 |  4- 6 |  7- 9 | 10-12 || total
-------------------------+-------+-------+-------+-------++-------
Melee: Dagger            |   453 |    20 |     1 |       ||   474
       Club              |     2 |       |       |       ||     2
       Tailslap          |    77 |     1 |     2 |     4 ||    84
       Trident           |       |       |    26 |    17 ||    43
 Cast: Magic Dart        |    63 |     7 |    16 |    39 ||   125
       Searing Ray       |     4 |    13 |    34 |    99 ||   150
       Static Discharge  |       |       |       |    39 ||    39
       Apportation       |       |       |       |     4 ||     4
       Shock             |       |       |       |     1 ||     1
 Abil: Breathe Lightning |       |       |     1 |     2 ||     3
  Use: Scroll            |       |     2 |     7 |     5 ||    14
       Potion            |       |       |     6 |       ||     6
 Stab: Sleeping          |     2 |       |     1 |       ||     3
Armor: Skin              |    14 |     6 |    10 |    73 ||   103
Dodge: Dodged            |    23 |    38 |    52 |   189 ||   302
